AoeStats
← Hingle_McCringleberry

Arena

506568967Analyzed
1v1 RM · 18d ago on Sep 14, 2026· 49m 44s· 2 players
Game mode
Random Map
Map size
Tiny (2 player)
Population
200
Speed
Normal
Resources
Standard
Victory
Conquest
Starting age
Dark Age
Ending age
Imperial Age
RankedLock teamsTeams togetherTeam positionsShared explorationLock speedFull tech treeHidden civsTurbo modeCheats
Victory
Defeat
🇺🇸 Huns · United States
1114
+17
🇺🇸 Saracens · United States
1143
-17
Hingle_McCringleberry
7:34 Loom
10:26 Feudal Age
13:10 Loom
15:36 Castle Age
14:13 Double-Bit Axe
15:12 Padded Archer Armor
15:06 Fletching
16:27 Bodkin Arrow
19:34 Horse Collar
20:22 Gold Mining
22:29 Wheelbarrow
29:22 Imperial Age
28:03 Padded Archer Armor
28:33 Bloodlines
28:25 Husbandry
29:33 Stone Mining
30:22 Bracer
31:47 Ballistics
31:23 Capped Ram
32:26 Leather Archer Armor
34:11 Parthian Tactics
36:05 Heavy Cavalry Archer
40:11 Conscription
41:20 Bow Saw
41:32 Pikeman
42:27 Halberdier
45:49 Squires
45:54 Scale Mail Armor
46:04 Forging
48:15 Thumb Ring
Uncertainty
10:56 Feudal Age
15:02 Castle Age
13:07 Double-Bit Axe
13:18 Horse Collar
16:55 Bow Saw
17:04 Heavy Plow
19:23 Wheelbarrow
20:23 Town Watch
20:37 Loom
21:17 Hand Cart
22:44 Fletching
22:54 Padded Archer Armor
23:32 Scale Barding Armor
23:37 Forging
24:31 Husbandry
24:57 Chain Barding Armor
25:55 Bloodlines
33:41 Imperial Age
31:52 Bimaristan
31:14 Light Cavalry
33:45 Bimaristan
34:07 Heavy Camel Rider
35:31 Plate Barding Armor
35:32 Iron Casting
34:53 Bodkin Arrow
35:56 Hussar
Connection lost

Rejoining the realm…

Still unreachable

The connection could not be restored.

Session expired

The server has moved on; the page needs a fresh start.